SAAA
TORTOLITA DRUMMERS @ PAWNEE PARKSNREC
08/11/2032
 
TOP OF THE 1ST
Tortolita Drummers batting - Pitching for Pawnee ParksNRec : RHP Francisco Luevanos
Pitching: RHP Francisco Luevanos
Batting: RHB Lu-fang Koo 0-0: Ball
1-0: Ball
2-0: Bunted foul
2-1: Swinging Strike
2-2: Ball
3-2: Fly out, F2 (Popup, 25F)
Batting: RHB Ricardo Pacheco 0-0: Called Strike
0-1: Foul Ball, location: 2F
0-2: Ball
1-2: Fly out, F3 (Popup, 3L)
Batting: RHB Casey Cavell 0-0: Ball
1-0: Ball
2-0: Called Strike
2-1: Ball
3-1: Called Strike
3-2: Ground out 5-3 (Groundball, 56S)
Top of the 1st over - 0 runs, 0 hits, 0 errors, 0 left on base; Tortolita 0 - Pawnee 0
BOTTOM OF THE 1ST
Pawnee ParksNRec batting - Pitching for Tortolita Drummers : RHP Kyle Buckman
Pitching: RHP Kyle Buckman
Batting: RHB Mike Lipide 0-0: Ball
1-0: SINGLE (Groundball, 56D)
Batting: RHB David Tineo 0-0: Foul Ball, location: 2F
0-1: Ball
1-1: Swinging Strike
1-2: Strikes out swinging
Batting: RHB Wilfred McLaughlin 0-0: Ball
1-0: Ball
Mike Lipide steals 2nd base
2-0: Foul Ball, location: 2F
2-1: Ball
3-1: Fly out, F6 (Line Drive, 56)
Lined into DP, 6-4 (Line Drive, 56)
Bottom of the 1st over - 0 runs, 1 hit, 0 errors, 0 left on base; Tortolita 0 - Pawnee 0
TOP OF THE 2ND
Tortolita Drummers batting - Pitching for Pawnee ParksNRec : RHP Francisco Luevanos
Batting: LHB Nobuo Yamashita 0-0: Called Strike
0-1: Called Strike
0-2: Fly out, F7 (Line Drive, 7S)
Batting: RHB Dave Sienna 0-0: Ball
1-0: SINGLE (Line Drive, 8LS)
Batting: LHB Francisco Ornelas 0-0: Ball
1-0: Ball
2-0: Ball
3-0: Called Strike
3-1: Foul Ball, location: 2F
3-2: SINGLE (Groundball, 34D)
Dave Sienna to second
Runner from 2nd tries for 3rd, OUT!
Batting: SHB Marcos Roa 0-0: Ball
1-0: Ball
2-0: Ball
Francisco Ornelas steals 2nd base
3-0: Called Strike
3-1: Swinging Strike
3-2: Ground out 6-3 (Groundball, 6)
Top of the 2nd over - 0 runs, 2 hits, 0 errors, 1 left on base; Tortolita 0 - Pawnee 0
BOTTOM OF THE 2ND
Pawnee ParksNRec batting - Pitching for Tortolita Drummers : RHP Kyle Buckman
Batting: RHB Daryl Yandell 0-0: Called Strike
0-1: Foul Ball, location: 2F
0-2: Fly out, F7 (Flyball, 7LSF)
Batting: SHB Dennis Barraclough 0-0: Ball
1-0: Foul Ball, location: 2F
1-1: Foul Ball, location: 2F
1-2: Foul Ball, location: 2F
1-2: Foul Ball, location: 2F
1-2: Ball
2-2: Fly out, F8 (Flyball, 8RM)
Batting: SHB Dave Gant 0-0: Ball
1-0: SINGLE (Line Drive, 7S)
Batting: RHB Iván Rodríguez 0-0: Called Strike
0-1: Ball
1-1: Swinging Strike
1-2: Foul Ball, location: 2F
1-2: Foul Ball, location: 2F
1-2: Foul Ball, location: 2F
1-2: Foul Ball, location: 2F
1-2: Ball
2-2: Fly out, F8 (Flyball, 8LD)
Bottom of the 2nd over - 0 runs, 1 hit, 0 errors, 1 left on base; Tortolita 0 - Pawnee 0
TOP OF THE 3RD
Tortolita Drummers batting - Pitching for Pawnee ParksNRec : RHP Francisco Luevanos
Batting: SHB Anthony Hopkins 0-0: Ball
1-0: Ground out 5-3 (Groundball, 56)
Batting: RHB Jim Burch 0-0: SINGLE (Line Drive, 4)
Batting: RHB Lu-fang Koo 0-0: Called Strike
0-1: Ball
1-1: Ball
2-1: Called Strike
2-2: Ball
3-2: Base on Balls
Jim Burch to second
Batting: RHB Ricardo Pacheco 0-0: Ball
1-0: SINGLE (Groundball, 56D)
Jim Burch to third
Lu-fang Koo to second
Runner from 3rd tries for Home, SAFE, no throw
Batting: RHB Casey Cavell 0-0: SINGLE (Line Drive, 7LS)
Lu-fang Koo to third
Ricardo Pacheco to second
Runner from 3rd tries for Home, SAFE, no throw
Batting: LHB Nobuo Yamashita 0-0: Fly out, F8 (Flyball, 78D)
Batting: RHB Dave Sienna 0-0: Ball
1-0: Foul Ball, location: 2F
1-1: Ball
2-1: Fly out, F7 (Flyball, 78D)
Top of the 3rd over - 2 runs, 3 hits, 0 errors, 2 left on base; Tortolita 2 - Pawnee 0
BOTTOM OF THE 3RD
Pawnee ParksNRec batting - Pitching for Tortolita Drummers : RHP Kyle Buckman
Batting: RHB Rubén Alvarado 0-0: Ball
1-0: Ball
2-0: Ball
3-0: Base on Balls
Batting: RHB Chad Silander 0-0: Ball
1-0: Called Strike
1-1: SINGLE (Flyball, 78M)
Rubén Alvarado to second
Batting: RHB Mike Lipide 0-0: Ball
1-0: Ball
2-0: Ground out 5-3 (Groundball, 56S)
Rubén Alvarado to third
Chad Silander to second
Batting: RHB David Tineo 0-0: Ball
1-0: Foul Ball, location: 2F
1-1: Ball
2-1: Called Strike
2-2: Foul Ball, location: 2F
2-2: Ball
3-2: Base on Balls
Batting: RHB Wilfred McLaughlin 0-0: Called Strike
0-1: Ball
1-1: Foul Ball, location: 2F
1-2: SINGLE (Line Drive, 7)
Rubén Alvarado scores
Chad Silander to third
David Tineo to second
Runner from 3rd tries for Home, SAFE, no throw
Batting: RHB Daryl Yandell 0-0: Ball
1-0: Ball
2-0: Foul Ball, location: 2F
2-1: Ball
3-1: DOUBLE (Groundball, 5L)
David Tineo scores
Wilfred McLaughlin to third
Batting: SHB Dennis Barraclough 0-0: Called Strike
0-1: Ball
1-1: Ball
2-1: Fly out, F8 (Flyball, 78D)
Runner from 3rd tags up, SCORES, throw made
Batting: SHB Dave Gant 0-0: Ground out 5-3 (Groundball, 5L)
Bottom of the 3rd over - 4 runs, 3 hits, 0 errors, 1 left on base; Tortolita 2 - Pawnee 4
TOP OF THE 4TH
Tortolita Drummers batting - Pitching for Pawnee ParksNRec : RHP Francisco Luevanos
Batting: LHB Francisco Ornelas 0-0: Foul Ball, location: 2F
0-1: Foul Ball, location: 2F
0-2: Ball
1-2: Foul Ball, location: 2F
1-2: Fly out, F6 (Line Drive, 56D)
Batting: SHB Marcos Roa 0-0: Foul Ball, location: 2F
0-1: Fly out, F9 (Flyball, 9LM)
Batting: SHB Anthony Hopkins 0-0: Ball
1-0: Foul Ball, location: 2F
1-1: Foul Ball, location: 2F
1-2: Fly out, F7 (Line Drive, 78M)
Top of the 4th over - 0 runs, 0 hits, 0 errors, 0 left on base; Tortolita 2 - Pawnee 4
BOTTOM OF THE 4TH
Pawnee ParksNRec batting - Pitching for Tortolita Drummers : RHP Kyle Buckman
Batting: RHB Iván Rodríguez 0-0: Ball
1-0: Ground out 6-3 (Groundball, 6D)
Batting: RHB Rubén Alvarado 0-0: Ball
1-0: Foul Ball, location: 2F
1-1: Swinging Strike
1-2: Foul Ball, location: 2F
1-2: Foul Ball, location: 2F
1-2: Ball
2-2: Ball
3-2: Foul Ball, location: 2F
3-2: Foul Ball, location: 2F
3-2: Foul Ball, location: 2F
3-2: Foul Ball, location: 2F
3-2: SINGLE (Line Drive, 34D)
Batting: RHB Chad Silander 0-0: Foul Ball, location: 2F
0-1: Foul Ball, location: 2F
0-2: Ball
1-2: Ball
Rubén Alvarado steals 2nd base
2-2: 2-RUN HOME RUN (Flyball, 7LD), Distance : 369 ft
Batting: RHB Mike Lipide 0-0: Ball
1-0: Ball
2-0: Called Strike
2-1: Foul Ball, location: 2F
2-2: Ball
3-2: Strikes out swinging
Batting: RHB David Tineo 0-0: Ball
1-0: Ball
2-0: Ball
3-0: Base on Balls
Batting: RHB Wilfred McLaughlin 0-0: Ball
1-0: Ball
David Tineo steals 2nd base
2-0: Called Strike
2-1: Ball
3-1: Base on Balls
Batting: RHB Daryl Yandell 0-0: Swinging Strike
0-1: Ball
1-1: Ball
2-1: Fly out, F5 (Line Drive, 5)
Bottom of the 4th over - 2 runs, 2 hits, 0 errors, 2 left on base; Tortolita 2 - Pawnee 6
TOP OF THE 5TH
Tortolita Drummers batting - Pitching for Pawnee ParksNRec : RHP Francisco Luevanos
Batting: RHB Jim Burch 0-0: Ball
1-0: Ground out 5-3 (Groundball, 56)
Batting: RHB Lu-fang Koo 0-0: Ball
1-0: Fly out, F9 (Flyball, 9)
Batting: RHB Ricardo Pacheco 0-0: Called Strike
0-1: Called Strike
0-2: Strikes out swinging
Top of the 5th over - 0 runs, 0 hits, 0 errors, 0 left on base; Tortolita 2 - Pawnee 6
BOTTOM OF THE 5TH
Pawnee ParksNRec batting - Pitching for Tortolita Drummers : RHP Kyle Buckman
Pitching: RHP Darius Baxa
Batting: SHB Dennis Barraclough 0-0: Called Strike
0-1: Called Strike
0-2: Strikes out swinging
Batting: SHB Dave Gant 0-0: Ball
1-0: Ball
2-0: Ball
3-0: Called Strike
3-1: Ground out U3 (Groundball, 3)
Batting: RHB Iván Rodríguez 0-0: Ball
1-0: Ball
2-0: Called Strike
2-1: Ground out 6-3 (Groundball, 6D)
Bottom of the 5th over - 0 runs, 0 hits, 0 errors, 0 left on base; Tortolita 2 - Pawnee 6
TOP OF THE 6TH
Tortolita Drummers batting - Pitching for Pawnee ParksNRec : RHP Francisco Luevanos
Batting: RHB Casey Cavell 0-0: SOLO HOME RUN (Flyball, 7D), Distance : 379 ft
Pitching: RHP Denver Milne
Batting: LHB Nobuo Yamashita 0-0: Called Strike
0-1: Swinging Strike
0-2: Strikes out swinging
Batting: RHB Dave Sienna 0-0: Called Strike
0-1: Ball
1-1: Ball
2-1: Ball
3-1: Ground out 6-3 (Groundball, 6)
Batting: LHB Francisco Ornelas 0-0: Ball
1-0: Ball
2-0: Fly out, F9 (Line Drive, 89M)
Top of the 6th over - 1 run, 1 hit, 0 errors, 0 left on base; Tortolita 3 - Pawnee 6
BOTTOM OF THE 6TH
Pawnee ParksNRec batting - Pitching for Tortolita Drummers : RHP Darius Baxa
Batting: RHB Rubén Alvarado 0-0: Ball
1-0: Foul Ball, location: 2F
1-1: Foul Ball, location: 2F
1-2: Fly out, F4 (Popup, 34D)
Batting: RHB Chad Silander 0-0: Called Strike
0-1: Swinging Strike
0-2: Foul Ball, location: 2F
0-2: Ball
1-2: DOUBLE (Line Drive, 8LD)
Batting: RHB Mike Lipide 0-0: Ball
1-0: Foul Ball, location: 2F
1-1: Ball
2-1: Ball
3-1: Ground out 6-3 (Groundball, 6)
Batting: RHB David Tineo 0-0: Called Strike
0-1: Ball
1-1: Ball
2-1: Ground out 6-3 (Groundball, 6S)
Bottom of the 6th over - 0 runs, 1 hit, 0 errors, 1 left on base; Tortolita 3 - Pawnee 6
TOP OF THE 7TH
Tortolita Drummers batting - Pitching for Pawnee ParksNRec : RHP Denver Milne
Batting: SHB Marcos Roa 0-0: Ball
1-0: DOUBLE (Flyball, 8RXD)
Batting: SHB Anthony Hopkins 0-0: Called Strike
0-1: Ball
1-1: SINGLE (Line Drive, 6M)
Marcos Roa to third
Batting: RHB Jim Burch 0-0: Ball
1-0: Fly out, F7 (Line Drive, 78S)
Runner from 3rd tags up, SCORES, no throw
Batting: RHB Lu-fang Koo 0-0: Fly out, F9 (Line Drive, 9D)
Batting: RHB Ricardo Pacheco 0-0: Called Strike
0-1: Ball
1-1: Fly out, F8 (Flyball, 8RD)
Top of the 7th over - 1 run, 2 hits, 0 errors, 1 left on base; Tortolita 4 - Pawnee 6
BOTTOM OF THE 7TH
Pawnee ParksNRec batting - Pitching for Tortolita Drummers : RHP Darius Baxa
Batting: RHB Wilfred McLaughlin 0-0: Called Strike
0-1: Ball
1-1: SINGLE (Flyball, 8RM)
Batting: RHB Daryl Yandell 0-0: Called Strike
0-1: Foul Ball, location: 2F
0-2: Ball
1-2: Ball
2-2: Strikes out swinging
Batting: SHB Dennis Barraclough 0-0: Ball
1-0: Called Strike
1-1: Called Strike
1-2: Foul Ball, location: 2F
1-2: Fly out, F5 (Popup, 15)
Batting: SHB Dave Gant 0-0: Ball
1-0: Ball
2-0: 2-RUN HOME RUN (Flyball, 9D), Distance : 385 ft
Batting: RHB Iván Rodríguez 0-0: Fly out, F8 (Flyball, 8RD)
Bottom of the 7th over - 2 runs, 2 hits, 0 errors, 0 left on base; Tortolita 4 - Pawnee 8
TOP OF THE 8TH
Tortolita Drummers batting - Pitching for Pawnee ParksNRec : RHP Denver Milne
Batting: RHB Casey Cavell 0-0: Swinging Strike
0-1: Foul Ball, location: 2F
0-2: Ball
1-2: Foul Ball, location: 2F
1-2: Ball
2-2: SINGLE (Groundball, 25) (infield hit)
Batting: LHB Nobuo Yamashita 0-0: Ball
1-0: Called Strike
1-1: Ball
2-1: Fielders Choice at 2nd, 4-6 (Groundball, 4)
Batting: RHB Dave Sienna 0-0: Called Strike
0-1: Called Strike
0-2: Strikes out looking
Batting: LHB Francisco Ornelas 0-0: Ball
1-0: Called Strike
1-1: Called Strike
1-2: Fly out, F7 (Flyball, 7D)
Top of the 8th over - 0 runs, 1 hit, 0 errors, 1 left on base; Tortolita 4 - Pawnee 8
BOTTOM OF THE 8TH
Pawnee ParksNRec batting - Pitching for Tortolita Drummers : RHP Darius Baxa
Batting: RHB Rubén Alvarado 0-0: Fly out, F8 (Flyball, 8RM)
Batting: RHB Chad Silander 0-0: Ball
1-0: Fly out, F5 (Line Drive, 5)
Batting: RHB Mike Lipide 0-0: Ball
1-0: Ball
2-0: Ball
3-0: Called Strike
3-1: Base on Balls
Batting: RHB David Tineo 0-0: Fielders Choice at 2nd, 5-4 (Groundball, 5)
Bottom of the 8th over - 0 runs, 0 hits, 0 errors, 1 left on base; Tortolita 4 - Pawnee 8
TOP OF THE 9TH
Tortolita Drummers batting - Pitching for Pawnee ParksNRec : RHP Denver Milne
Batting: SHB Marcos Roa 0-0: Ball
1-0: Ball
2-0: Called Strike
2-1: Ball
3-1: SINGLE (Line Drive, 4MD)
Batting: SHB Anthony Hopkins 0-0: Swinging Strike
0-1: Foul Ball, location: 2F
0-2: Ball
1-2: Foul Ball, location: 2F
1-2: Grounds into double play, 6-4-3 (Groundball, 6)
Batting: RHB Jim Burch 0-0: Called Strike
0-1: Foul Ball, location: 2F
0-2: Ground out 4-3 (Groundball, 4)
Top of the 9th over - 0 runs, 1 hit, 0 errors, 0 left on base; Tortolita 4 - Pawnee 8
Wednesday, September 19th, 2018 - OOTP Baseball 18.8 Build 76